Description

Adept

Replay - jjakji v Stats: Game 2 - 캑터스 밸리 - 래더 (공허)

Build Order

Get SALT Encoding   

  14  0:17  Pylon  
  16  0:38  Gateway  
  16  0:47  Assimilator  
  20  1:25  Nexus  
  20  1:34  Cybernetics Core  
  21  1:42  Assimilator  
  22  1:53  Pylon  
  23  2:08  Adept  
  23  2:12  Warp Gate  
  27  2:30  Stargate  
  27  2:31  Adept  
  34  3:09  Oracle  
  36  3:19  Nexus  
  43  3:41  Phoenix  
  46  3:53  Mothership Core (Chrono Boost)  
  49  4:03  Phoenix  
  53  4:22  Gateway x2  
  55  4:25  Phoenix  
  55  4:26  Assimilator x2  
  57  4:38  Adept  
  62  4:46  Phoenix  
  69  5:04  Adept  
  71  5:11  Phoenix  
  76  5:21  Adept x2  
  83  5:33  Phoenix  
  71  5:41  Adept x3  
  74  5:55  Phoenix  
  62  6:02  Stalker x3  
  69  6:21  Twilight Council  
  69  6:22  Phoenix, Forge  
  69  6:23  Robotics Facility  
  77  6:40  Protoss Ground Weapons Level 1  
  77  6:44  Resonating Glaives  
  77  6:45  Phoenix  
  80  6:48  Gateway x3  
  82  6:59  Gateway  
  82  7:05  Gateway  
  82  7:10  Warp Prism  
  82  7:13  Adept  
  90  7:23  Phoenix  
  101  7:46  Observer  
  118  8:08  Observer  
  118  8:12  Assimilator x2  
  119  8:17  Sentry  
  119  8:19  Protoss Ground Armor Level 1  
  82  9:41  Sentry x2  
  82  9:44  Observer  
Spawning Tool Build Advisor. Get it on Overwolf

Go to:

Details

  • Created by: Nelsquik
  • Published on: May 06, 2017
  • Modified on: May 11, 2017
  • Patch: 3.8.0
Show
View Real Time Build Order
Export as new Build Order

Comments (0)

There are no comments. Be the first!

Create an account to comment!